 Dungeon Crawl Stone Soup version 0.21.1-1-g345015fe64 (webtiles) character file.

344 Kisielow the Slasher (level 6, 0/53 HPs)
             Began as a Minotaur Fighter on Mar 4, 2018.
             Slain by a worker ant (5 damage)
             ... on level 4 of the Dungeon.
             The game lasted 00:04:12 (2238 turns).

Kisielow the Slasher (Minotaur Fighter)             Turns: 2238, Time: 00:04:13

Health: 0/53       AC:  8    Str: 23    XL:     6   Next: 31%
Magic:  5/5        EV: 12    Int:  5    God:
Gold:   191        SH: 10    Dex: 14    Spells: 5/5 levels left

rFire    + . .     SeeInvis .   a - +0 long sword
rCold    + . .     Gourm    .   c - +0 shield
rNeg     . . .     Faith    .   b - +0 scale mail
rPois    +         Spirit   .   (helmet restricted)
rElec    +         Reflect  .   (no cloak)
rCorr    +         Harm     .   n - +0 pair of gloves
MR       .....                  (no boots)
Stlth    +.........             (no amulet)
HPRegen  0.17/turn              (no ring)
MPRegen  0.09/turn              (no ring)

@: agile, lethally poisoned (0 -> -11), resistant
A: retaliatory headbutt, horns 2
a: no special abilities


You were on level 4 of the Dungeon.
You were not hungry.

You visited 1 branch of the dungeon, and saw 4 of its levels.

You collected 191 gold pieces.

Inventory:

Hand Weapons
 a - a +0 long sword (weapon)
Armour
 b - a +0 scale mail (worn)
 c - a +0 shield (worn)
 n - a +0 pair of gloves (worn)
Wands
 u - a wand of clouds (7)
Scrolls
 g - 4 scrolls of identify {unknown}
 h - a scroll of enchant weapon {unknown}
 i - 3 scrolls of amnesia {unknown}
 j - 2 scrolls of teleportation {unknown}
 k - a scroll of fear {unknown}
 l - a scroll of random uselessness {unknown}
 p - a scroll of immolation {unknown}
 r - 4 scrolls of magic mapping {unknown}
 t - 2 scrolls of fog {unknown}
 w - a scroll of noise {unknown}
Potions
 d - a potion of might
 m - a potion of curing {unknown}
 o - a potion of heal wounds {unknown}
 q - a potion of degeneration {unknown}
 s - a potion of agility
Comestibles
 f - 7 rations
 v - 3 chunks of flesh


   Skills:
 + Level 4.6 Fighting
 + Level 6.2 Long Blades
 + Level 4.7 Armour
 + Level 4.7 Shields


You had 5 spell levels left.
You didn't know any spells.

Dungeon Overview and Level Annotations

Branches:
Dungeon (4/15)
 Temple: D:4-7

Altars:
Ashenzari
Elyvilon
Hepliaklqana
Ru
Trog
Wu Jian
Zin


Innate Abilities, Weirdness & Mutations

You reflexively headbutt those who attack you in melee.
You have a pair of horns on your head.


Message History

You feel sick. You block the howler monkey's attack.
The worker ant barely misses you. The orc hits you with a flail.
* * * LOW HITPOINT WARNING * * *
It was a potion of resistance.
You feel protected.
* * * LOW HITPOINT WARNING * * *
You feel sick. The howler monkey hits you.
* * * LOW HITPOINT WARNING * * *
You block the worker ant's attack. You block the howler monkey's attack.
You block the orc's attack.
It was a potion of agility.
You feel agile all of a sudden.
* * * LOW HITPOINT WARNING * * *
You feel sick. The worker ant barely misses you.
You riposte.
You closely miss the worker ant. You headbutt the worker ant!
The worker ant is heavily wounded.
The howler monkey closely misses you.
You riposte.
You hit the howler monkey.
You kill the howler monkey!
The worker ant bites you.
You die...

#...........#
#...........#
#...........#
#..........$#
#..$........#
#...........#
#......oa...#
#......)@...# #
######.###########.#
#.............#
###########.......#
..................+
#.......#.......#
+.......#.......#
#.......#.......#
#...รท...#########


You could see a worker ant and an orc.

Vanquished Creatures
  A big kobold (D:3)
  A howler monkey (D:4)
  A crimson imp (D:3)
  A hound (D:4)
  An orc priest (D:4)
  An orc wizard (D:3)
  3 gnolls (D:2)
  An adder (D:4)
  2 oozes (D:2)
  2 dart slugs (D:3)
  5 orcs
  3 giant cockroaches
  3 goblins (D:1)
  5 hobgoblins
  16 jackals
  5 kobolds
  3 quokkas
  5 bats
  4 frilled lizards
  5 rats
68 creatures vanquished.

Notes
Turn   | Place    | Note
-------+----------+-------------------------------------------
     0 | D:1      | Kisielow the Minotaur Fighter began the quest for the Orb.
     0 | D:1      | Reached XP level 1. HP: 19/19 MP: 0/0
    65 | D:1      | Reached skill level 3 in Long Blades
   118 | D:1      | Reached XP level 2. HP: 26/26 MP: 1/1
   252 | D:1      | Reached skill level 4 in Long Blades
   511 | D:2      | Reached XP level 3. HP: 31/31 MP: 2/2
   678 | D:2      | Reached skill level 5 in Long Blades
   783 | D:2      | Reached XP level 4. HP: 36/39 MP: 3/3
  1370 | D:3      | Noticed a big kobold
  1381 | D:3      | Killed a big kobold
  1381 | D:3      | Reached XP level 5. HP: 43/46 MP: 4/4
  1542 | D:3      | Found a bloodstained altar of Trog.
  1546 | D:3      | Found a sacrificial altar of Ru.
  1553 | D:3      | Found a white marble altar of Elyvilon.
  1561 | D:3      | Found a glowing silver altar of Zin.
  1561 | D:3      | Found a hazy altar of Hepliaklqana.
  1562 | D:3      | Found a shattered altar of Ashenzari.
  1821 | D:3      | Reached skill level 6 in Long Blades
  2057 | D:3      | Found an ornate altar of the Wu Jian Council.
  2216 | D:4      | Reached XP level 6. HP: 31/53 MP: 5/5
  2238 | D:4      | Slain by a worker ant

Skill      XL: |  1  2  3  4  5 |
---------------+----------------+-----
Long Blades    | 3 4 5 6 |  6.2
Fighting       | 4 |  4.6
Armour         | 4 |  4.7
Shields        | 4 |  4.7

Action                   |  1- 3 |  4- 6 || total
-------------------------+-------+-------++-------
Melee: Long sword        |    80 |    89 ||   169
       Headbutt          |    16 |    15 ||    31
  Use: Potion            |       |     2 ||     2
  Eat: Chunk             |       |     4 ||     4
Armor: Scale mail        |    26 |    56 ||    82
Dodge: Dodged            |    30 |    36 ||    66
Block: Shield            |    45 |    55 ||   100
       Rpst.: Long sword |     8 |    11 ||    19
